 Dungeon Crawl Stone Soup version 0.29-a0-72-g1732ff48e7 (webtiles) character file.

Game seed: 11691215846884194410

8260 HallandMoats the Eye of the Storm (level 11, 0/83 HPs)
             Began as a Demonspawn Fighter on Feb 3, 2022.
             Was a Priest of Qazlal.
             Killed from afar by Urug (42 damage)
             ... with a bolt of acid
             ... on level 10 of the Dungeon.
             The game lasted 00:16:19 (12552 turns).

HallandMoats the Eye of the Storm (DsFi)           Turns: 12552, Time: 00:16:20

Health: 0/83       AC: 16    Str: 24    XL:     11   Next: 7%
Magic:  19/19      EV: 13    Int:  9    God:    Qazlal [***...]
Gold:   716        SH:  9    Dex: 14    Spells: 20/20 levels left

rFire   + + +      SeeInvis .   a - +2 trident (venom)
rCold   . . .      Faith    .   c - +0 buckler
rNeg    . . .      Spirit   .   w - +4 chain mail "Unuxuad" {-Cast rF++ Str+4}
rPois   .          Reflect  .   (helmet restricted)
rElec   .          Harm     .   (no cloak)
rCorr   .          Rampage  .   M - +0 pair of gloves
Will    .....      NoCast   +   L - +2 pair of boots
Stlth   ..........              (no amulet)
HPRegen 0.23/turn               e - ring of protection from fire
MPRegen 0.16/turn               C - +4 ring of evasion

@: corroded, studying Fire Magic
A: horns 1, demonic guardian 1, spiny 1, sharp scales 2
a: Renounce Religion, Upheaval, Elemental Force


You were on level 10 of the Dungeon.
You worshipped Qazlal.
Qazlal was most pleased with you.
You visited 1 branch of the dungeon, and saw 10 of its levels.
You also visited: Sewer.

You collected 716 gold pieces.

Inventory:

Hand Weapons
 a - a +2 trident of venom (weapon)
 b - a +6 club
Armour
 c - a +0 buckler (worn)
 w - the +4 chain mail "Unuxuad" (worn) {-Cast rF++ Str+4}
   (You found it on level 4 of the Dungeon)

   Str:       It affects your strength (+4).
   rF:        It greatly protects you from fire.
   -Cast:     It prevents spellcasting.
 B - the +1 ring mail of Sorcery {rC- Str+9 Int+3}
   (You found it on level 6 of the Dungeon)

   Str:       It affects your strength (+9).
   Int:       It affects your intelligence (+3).
   rC:        It makes you vulnerable to cold.
 G - +0 steam dragon scales
 L - a +2 pair of boots (worn)
 M - a +0 pair of gloves (worn)
Jewellery
 e - a ring of protection from fire (left hand)
 o - a ring of protection from fire
 A - a ring of fire
 C - a +4 ring of evasion (right hand)
 H - a ring of ice
 I - a ring of fire
 O - a ring of protection from cold
Wands
 m - a wand of flame (18)
 v - a wand of paralysis (4)
 D - a wand of digging (8)
 J - a wand of mindburst (15)
Scrolls
 h - 6 scrolls of identify
 i - 3 scrolls of immolation
 k - 3 scrolls of teleportation
 p - 2 scrolls of amnesia
 s - 3 scrolls of enchant weapon
 t - 2 scrolls of fog
 x - a scroll of vulnerability {unknown}
 y - a scroll of magic mapping {unknown}
 z - 3 scrolls of fear
 E - a scroll of summoning {unknown}
Potions
 d - a potion of lignification {unknown}
 f - 2 potions of resistance
 g - a potion of haste
 j - a potion of brilliance
 l - 2 potions of heal wounds
 n - 8 potions of curing
 q - 3 potions of mutation {unknown}
 r - 2 potions of ambrosia {unknown}
 u - 3 potions of flight {unknown}
 F - a potion of invisibility {unknown}
 K - a potion of attraction {unknown}
 N - a potion of berserk rage {unknown}


   Skills:
 * Level 6.6 Fighting
 * Level 5.7 Polearms
 + Level 4.6 Armour
 + Level 3.7 Dodging
 - Level 4.0 Shields
 * Level 5.4 Spellcasting
 * Level 5.8 Conjurations
 * Level 5.1 Ice Magic
 * Level 5.1 Air Magic
 * Level 7.8 Invocations


You had 20 spell levels left.
You didn't know any spells.
Your spell library contained the following spells:

 Spells                   Type           Power      Damage    Failure   Level
 Shock                    Conj/Air       48%        1d6       22%         1
 Swiftness                Air            11%        N/A       58%         3
 Corpse Rot               Necr/Air       14%        N/A       73%         2
 Poisonous Vapours        Pois/Air       14%        N/A       73%         2
 Airstrike                Air            5%         N/A       94%         4
 Freezing Cloud           Conj/Ice/Air   6%         6-21      99%         5
 Summon Lightning Spire   Summ/Air       7%         N/A       100%        4
 Chain Lightning          Conj/Air       6%         3d8       100%        9


Dungeon Overview and Level Annotations

Branches:
Dungeon (10/15)            Temple (0/1) D:6            Lair (0/6) D:9
    Orc (0/2) D:10          Sewer (visited)

Altars:
Fedhas
Gozag
Hepliaklqana
Kikubaaqudgha
Qazlal
Wu Jian
Zin
Beogh

Annotations:
D:10 Urug


Innate Abilities, Weirdness & Mutations

You have a pair of small horns on your head.
A weak demonic guardian rushes to your aid.
You are partially covered in sharp spines.
You are mostly covered in razor-sharp scales. (AC +2, Slay +2)


Message History

You hear a shout!
An orc comes into view. It is wielding a +0 dagger.
An orc is nearby!
An orc is nearby!
An orc is nearby!
An orc is nearby!
The orc shouts!
Items here: ) [ †††.
You barely miss the orc. The orc hits you but does no damage.
You closely miss the orc. You headbutt the orc.
The orc is moderately wounded.
The orc hits you but does no damage.
An orc is nearby!
You barely miss the orc. You headbutt the orc.
You kill the orc!
Qazlal accepts your kill.
u - 3 emerald potions (gained 1)
Things that are here:
a +0 dagger; an orc corpse No target in view!
Things that are here:
a +0 dagger; an orc corpse No target in view!
Items here: ) [ †††.
You hear a shout!
You now have 716 gold pieces (gained 5).
You see here a yak corpse.
No target in view!
Urug the Orcish Ballista comes into view.
She is wielding a +2 demon trident of flaming and carrying a wand of acid (3).
Urug shouts!
Urug throws a javelin.
The javelin pierces through you.
Urug is nearby!
Urug zaps a wand.
The bolt of acid hits you!!!
A demonic guardian appears!
The acid corrodes you!
Urug is nearby!
Urug throws a javelin.
The javelin barely misses you.
Urug is nearby!
Urug zaps a wand.
The bolt of acid hits you!!!
Ouch! That really hurt!
You die...

#.###......## #..#
#......)....###.....
##..)..).....>...# ..
..........†........#
.#
.................$##
.
...................#
.##............###.(#
##..###....5§.# #..
#.# ##..##.@# #.
#..####.# ##.. #o.
##. .... ....# ...##
..# .##


You could see Urug (ally target) and a friendly white imp (summoned).

Vanquished Creatures
  A two-headed ogre (D:6)
  A cyclops (D:7)
  An unseen horror (D:10)
  Maggie (D:7)
  2 trolls (D:9)
  A hornet (D:9)
  Grinder (D:6)
  A wyvern (D:8)
  5 yaks (D:10)
  2 steam dragons
  An acid dragon (D:10)
  3 water moccasins (D:7)
  7 orc warriors
  3 ice beasts
  2 necrophages
  2 black bears (D:7)
  7 centaurs
  An ogre (D:5)
  A phantom (D:6)
  A kobold brigand (D:5)
  Blork the orc (D:6)
  A wyvern zombie (D:7)
  2 bullfrogs
  2 water moccasin skeletons
  4 killer bees (D:10)
  The ghost of elisander the Sneak, a weakling DsDe of Gozag (D:5)
  8 wights
  4 howler monkeys
  A centaur zombie (D:8)
  2 jellies
  4 hounds
  A gnoll shaman (D:4)
  3 orc priests
  2 bullfrog skeletons (D:6)
  A centaur skeleton (D:7)
  Jessica (D:3)
  An iguana (D:6)
  12 orc wizards
  2 bullfrog simulacra (D:5)
  A scorpion simulacrum (D:5)
  Robin (D:3)
  7 gnolls (D:4)
  5 river rats
  7 adders
  A howler monkey skeleton (D:6)
  2 white imps (D:5)
  A howler monkey simulacrum (D:5)
  An ufetubus (D:4)
  An adder skeleton (D:4)
  2 worms
  2 dart slugs
  45 orcs
  8 endoplasms
  5 giant cockroaches
  13 goblins
  7 hobgoblins
  10 jackals
  A quokka (D:4)
  7 ball pythons
  4 bats
  8 frilled lizards
  9 kobolds
  18 rats
263 creatures vanquished.

Vanquished Creatures (collateral kills)
  An orc warrior (D:9)
1 creature vanquished.

Grand Total: 264 creatures vanquished

Notes
Turn   | Place    | Note
-------+----------+-------------------------------------------
     0 | D:1      | HallandMoats the Demonspawn Fighter began the quest for the
                  | Orb.
     0 | D:1      | Reached XP level 1. HP: 18/18 MP: 1/1
   605 | D:1      | Gained mutation: You are partially covered in razor-sharp
                  | scales. (AC +1, Slay +1) [demonic ancestry]
   605 | D:1      | Reached XP level 2. HP: 24/24 MP: 2/2
   676 | D:1      | Found a faded altar of an unknown god.
  1096 | D:2      | Got the Compendium of Terror
  1101 | D:2      | Reached skill level 1 in Invocations
  1286 | D:2      | Reached XP level 3. HP: 28/29 MP: 3/3
  1756 | D:3      | Noticed a centaur
  1764 | D:3      | Killed a centaur
  1765 | D:3      | Reached skill level 1 in Spellcasting
  1765 | D:3      | Reached skill level 1 in Conjurations
  1765 | D:3      | Reached skill level 2 in Invocations
  1765 | D:3      | Reached XP level 4. HP: 29/35 MP: 5/5
  1765 | D:3      | Gained mutation: You are partially covered in sharp spines.
                  | [demonic ancestry]
  1765 | D:3      | Reached XP level 5. HP: 34/41 MP: 6/6
  1853 | D:3      | Found a glowing drain.
  1936 | Sewer    | Entered a sewer
  2101 | Sewer    | Reached skill level 1 in Ice Magic
  2207 | Sewer    | Reached skill level 1 in Air Magic
  2246 | Sewer    | Reached skill level 1 in Dodging
  2628 | D:3      | Noticed an ice beast
  2855 | D:3      | Found a blossoming altar of Fedhas.
  2929 | D:3      | Noticed Jessica
  2931 | D:3      | Killed Jessica
  2932 | D:3      | Gained mutation: You are mostly covered in razor-sharp
                  | scales. (AC +2, Slay +2) [demonic ancestry]
  2932 | D:3      | Reached XP level 6. HP: 48/48 MP: 8/8
  3123 | D:3      | Killed an ice beast
  3256 | D:3      | Noticed Robin
  3269 | D:3      | Found a stormy altar of Qazlal.
  3273 | D:3      | Killed Robin
  3499 | D:3      | Became a worshipper of Qazlal Stormbringer
  3751 | D:4      | Gained mutation: You have a pair of small horns on your
                  | head. [demonic ancestry]
  3751 | D:4      | Reached XP level 7. HP: 30/54 MP: 10/10
  3752 | D:4      | Reached skill level 3 in Invocations
  4073 | D:4      | Identified the +4 chain mail "Unuxuad" {-Cast rF++ Str+4}
  4254 | D:4      | Reached * piety under Qazlal
  4673 | D:5      | Entered Level 5 of the Dungeon
  4899 | D:5      | Noticed elisander's ghost (weakling DsDe)
  5196 | D:5      | Found a runed translucent gate.
  5196 | D:5      | Found a runed translucent gate.
  5196 | D:5      | Found a runed translucent gate.
  5527 | D:5      | Killed elisander's ghost
  5531 | D:5      | Reached skill level 4 in Invocations
  5543 | D:5      | Reached XP level 8. HP: 38/61 MP: 11/11
  5706 | D:6      | Noticed Blork the orc
  5713 | D:6      | Identified the +1 ring mail of Sorcery {rC- Str+9 Int+3}
  5730 | D:6      | Killed Blork the orc
  5911 | D:6      | Found a staircase to the Ecumenical Temple.
  5932 | D:6      | Noticed a two-headed ogre
  5940 | D:6      | Killed a two-headed ogre
  5941 | D:6      | Reached skill level 5 in Invocations
  6100 | D:6      | Gained mutation: A weak demonic guardian rushes to your
                  | aid. [demonic ancestry]
  6100 | D:6      | Reached XP level 9. HP: 67/67 MP: 14/14
  6100 | D:6      | Noticed Grinder
  6108 | D:6      | Paralysed by Grinder for 4 turns
  6112 | D:6      | Killed Grinder
  6113 | D:6      | Reached skill level 5 in Fighting
  6325 | D:6      | Found an ornate altar of the Wu Jian Council.
  6778 | D:7      | Noticed a cyclops
  6794 | D:7      | Killed a cyclops
  7099 | D:7      | Noticed Maggie
  7120 | D:7      | Killed Maggie
  7121 | D:7      | Reached skill level 6 in Invocations
  7290 | D:7      | Found a hazy altar of Hepliaklqana.
  7290 | D:7      | Found an opulent altar of Gozag.
  7297 | D:7      | Found a faded altar of an unknown god.
  7301 | D:7      | Found a faded altar of an unknown god.
  7329 | D:7      | Found an ancient bone altar of Kikubaaqudgha.
  7334 | D:7      | Reached ** piety under Qazlal
  8008 | D:8      | Reached XP level 10. HP: 76/76 MP: 16/16
  9073 | D:8      | Reached skill level 5 in Polearms
  9506 | D:8      | Reached skill level 5 in Conjurations
 10478 | D:9      | Reached *** piety under Qazlal
 10479 | D:9      | Reached skill level 5 in Spellcasting
 10492 | D:9      | Reached skill level 7 in Invocations
 10909 | D:9      | Found a staircase to the Lair.
 11179 | D:10     | Entered Level 10 of the Dungeon
 12091 | D:10     | Noticed a cyclops
 12107 | D:10     | Reached skill level 5 in Air Magic
 12121 | D:10     | Reached skill level 5 in Ice Magic
 12486 | D:10     | Found a staircase to the Orcish Mines.
 12499 | D:10     | Reached XP level 11. HP: 83/83 MP: 19/19
 12548 | D:10     | Noticed Urug
 12552 | D:10     | Killed from afar by Urug

Illustrated notes

Levels and vault maps discovered:
D:1:      mushboom_english_gardens, layout_basic,
          shapermc_ecumenical_altar_pompeii
D:2:      layout_basic, wander_ebering_terrifying_dragon_lair
D:3:      layout_basic, fedhas_altar_3, nicolae_qazlal_eye_of_the_storm,
          portal_sewer_entry_e, uniq_jessica, uniq_robin
D:4:      layout_cave_pools, serial_co_window_serial,
          co_window_of_opportunity_a, co_window_cross_1, co_window_corner_a,
          co_window_corner_a, co_window_paths_a, co_window_2corner,
          co_window_corner_ca, co_window_of_opportunity_c, co_window_corner_b,
          co_window_2corner, co_window_sun, glass_columns_a,
          columned_hall_lemuel
D:5:      layout_loops_ring, gammafunk_ghost_icy
D:6:      layout_loops_ring, old_standard_altar, minmay_temple_entry_arrows,
          hangedman_decor_points, uniq_blork_the_orc, uniq_grinder
D:7:      layout_loops_ring, old_standard_altar,
          chequers_temple_overflow_minitemple, minmay_misc_feat_columns,
          uniq_maggie
D:8:      layout_basic, special_room [special_room_orc]
D:9:      layout_loops_ring, lair_entry_dummy
D:10:     minmay_recursive_quarters, layout_layer_cave,
          mainiacjoe_overflow_small_starburst, amcnicky_altar_gilded,
          mainiacjoe_overflow_six_doors_small, orc_0_dummy, nrook_campfire,
          minmay_misc_feat_cross, uniq_urug, uniq_nergalle

Skill      XL: |  1  2  3  4  5  6  7  8  9 10 |
---------------+-------------------------------+-----
Polearms       | 2 3 4 5 |  5.7
Invocations    | 1 2 4 5 6 7 |  7.8
Shields        | 3 4 |  4.0
Spellcasting   | 1 2 3 4 5 |  5.4
Conjurations   | 1 2 3 4 5 |  5.8
Ice Magic      | 1 2 3 4 5 |  5.1
Air Magic      | 1 2 3 4 5 |  5.1
Dodging        | 1 2 3 |  3.7
Armour         | 3 4 |  4.6
Fighting       | 4 5 6 |  6.6

Action                   |  1- 3 |  4- 6 |  7- 9 | 10-12 || total
-------------------------+-------+-------+-------+-------++-------
Melee: Trident           |   105 |   112 |       |   139 ||   356
       Club              |       |    58 |   206 |   113 ||   377
       Headbutt          |       |       |    42 |    63 ||   105
  Use: Scroll            |       |     7 |       |     1 ||     8
       Potion            |       |       |     5 |       ||     5
Armor: Scale mail        |    43 |    52 |       |       ||    95
       Chain mail        |       |       |    84 |   125 ||   209
Dodge: Dodged            |    47 |    49 |    87 |   180 ||   363
Block: Buckler           |    24 |    32 |    67 |   115 ||   238

Table legend: (Time is in decaauts)
 A = Elapsed time spent in this place.
 B = Non-inter-level travel time spent in this place.
 C = Inter-level travel time spent in this place.
 D = Time resting spent in this place.
 E = Time spent auto-exploring this place.
 F = Levels seen in this place.
 G = Mean time per level.
                   A        B        C        D        E       F      G
               +--------+--------+--------+--------+--------+-----+--------+
         Total |  12795 |  12205 |    590 |   1931 |   8109 |  11 | 1163.2 |
       Dungeon |  12106 |  11516 |    590 |   1854 |   7679 |  10 | 1210.6 |
         Sewer |    689 |    689 |      0 |     77 |    430 |   1 |  689.0 |
               +--------+--------+--------+--------+--------+-----+--------+

Top non-repeatable levels by time:
     D:8: 2239 daAuts
     D:9: 1549 daAuts
     D:7: 1280 daAuts
     D:1: 1264 daAuts
     D:6: 1209 daAuts
     D:4: 1160 daAuts
     D:5: 1028 daAuts
     D:3: 984 daAuts
    D:10: 696 daAuts
     D:2: 693 daAuts
   Sewer: 689 daAuts
